[ AOE2 MATCH · #466378337 ]
Team RMAztecs vs Gurjaras
[ REPLAY ANALYSIS · EXTRACTED FROM THE RECORDED GAME ]
Feudal
15:09
Castle
20:19
Imperial
40:42
| APM avg | 12.9 |
| APM peak | 23 |
| eAPM avg | 9.0 |
| Villagers / military | 135 / 703 |
Focus
⚔️ 39.9% · 🌾 60.1%
Spearman ×242 · Skirmisher ×158 · Jaguar Warrior ×113 · Eagle Scout ×91 · Mangonel ×52 · Trade Cart ×27
Feudal
—
Castle
—
Imperial
—
| APM avg | 16.2 |
| APM peak | 70 |
| eAPM avg | 11.3 |
| Villagers / military | 98 / 894 |
Focus
⚔️ 56.9% · 🌾 43.1%
Skirmisher ×347 · Scout Cavalry ×289 · Longbowman ×240 · Trade Cart ×38 · Trebuchet (Packed) ×13 · Fishing Ship ×3
Feudal
10:42
Castle
21:01
Imperial
35:05
| APM avg | 12.7 |
| APM peak | 39 |
| eAPM avg | 8.9 |
| Villagers / military | 70 / 560 |
Focus
⚔️ 45.5% · 🌾 54.5%
Chakram Thrower ×268 · Shrivamsha Rider ×140 · Scout Cavalry ×85 · Elephant Archer ×21 · Camel Scout ×19 · Trade Cart ×15
Feudal
—
Castle
—
Imperial
—
| APM avg | 42.9 |
| APM peak | 114 |
| eAPM avg | 16.5 |
| Villagers / military | 137 / 632 |
Focus
⚔️ 39.1% · 🌾 60.9%
Skirmisher ×313 · Unknown (882) ×210 · Spearman ×180 · Scout Cavalry ×54 · Trade Cart ×32 · Genoese Crossbowman ×27
Feudal
—
Castle
—
Imperial
—
| APM avg | 26.3 |
| APM peak | 96 |
| eAPM avg | 18.5 |
| Villagers / military | 137 / 870 |
Focus
⚔️ 37.1% · 🌾 62.9%
Spearman ×513 · Mangonel ×149 · Scorpion ×93 · Trade Cart ×40 · Woad Raider ×40 · Knight ×30
Feudal
14:19
Castle
22:03
Imperial
34:08
| APM avg | 10.2 |
| APM peak | 25 |
| eAPM avg | 7.3 |
| Villagers / military | 59 / 385 |
Focus
⚔️ 40.6% · 🌾 59.4%
Ballista Elephant ×221 · Knight ×82 · Trade Cart ×68 · Scout Cavalry ×45 · Scorpion ×16 · Battle Elephant ×10
Match map
Initial resources + every placement click. Lines = walls · curves = elevation contours. ◆ gold · ⬟ stone · ● berries · ✦ relic · ◌ wall gap
Your base· Open — unwalled flank
Twiggy551456's base
C2E7W's base
GorgonTheGreat's base
elnano4cchi's base· Open — unwalled flank
zj.sullivan's base
Smoothed initial terrain · ◌ = detected wall gap · hover for details
Inputs per minute
— MontyBurns - - Twiggy551456
Build order — MontyBurns
First 150 of 485 actions detected
| 0:03 | Research | Loom |
| 0:04 | Create | Villager (Male) ×4 |
| 0:10 | Build | House |
| 2:17 | Create | Villager (Male) |
| 2:55 | Build | Palisade Wall |
| 3:17 | Create | Villager (Male) |
| 3:37 | Build | House |
| 3:59 | Create | Villager (Male) |
| 4:19 | Build | House |
| 4:31 | Build | Palisade Wall |
| 4:40 | Create | Villager (Male) |
| 5:06 | Build | House |
| 5:07 | Build | House |
| 5:14 | Create | Villager (Male) |
| 5:15 | Create | Villager (Male) |
| 5:15 | Create | Villager (Male) |
| 6:08 | Build | Palisade Wall |
| 6:11 | Create | Villager (Male) |
| 6:11 | Create | Villager (Male) |
| 6:31 | Build | House |
| 6:50 | Build | Mill |
| 6:58 | Build | Mill |
| 7:01 | Create | Villager (Male) |
| 7:01 | Create | Villager (Male) |
| 7:56 | Create | Villager (Male) |
| 8:25 | Create | Villager (Male) |
| 9:00 | Create | Villager (Male) |
| 9:35 | Build | Lumber Camp |
| 9:40 | Create | Villager (Male) |
| 9:41 | Create | Villager (Male) |
| 9:41 | Create | Villager (Male) |
| 9:41 | Create | Villager (Male) |
| 9:41 | Create | Villager (Male) |
| 9:42 | Create | Villager (Male) |
| 10:17 | Create | Villager (Male) |
| 11:59 | Build | Mining Camp |
| 12:51 | Build | Mill |
| 12:59 | Research | Feudal Age |
| 13:00 | Create | Villager (Male) |
| 13:00 | Create | Villager (Male) |
| 13:01 | Create | Villager (Male) |
| 13:09 | Create | Villager (Male) |
| 15:09 | Age | Feudal Age |
| 15:17 | Build | Blacksmith |
| 15:26 | Build | Market |
| 16:28 | Build | Barracks |
| 16:51 | Build | House |
| 16:53 | Build | House |
| 16:54 | Build | House |
| 16:55 | Build | House |
| 16:57 | Build | House |
| 16:58 | Build | House |
| 17:04 | Create | Villager (Male) |
| 17:04 | Create | Villager (Male) |
| 17:28 | Build | Farm |
| 17:29 | Build | Farm |
| 17:29 | Build | Farm |
| 17:29 | Build | Farm |
| 17:30 | Build | Farm |
| 17:30 | Build | Farm |
| 17:30 | Build | Farm |
| 17:39 | Research | Castle Age |
| 17:58 | Build | Archery Range |
| 18:13 | Research | Double-Bit Axe |
| 18:32 | Research | Horse Collar |
| 18:58 | Build | Farm |
| 19:16 | Build | House |
| 19:17 | Build | House |
| 19:19 | Build | House |
| 19:20 | Build | House |
| 19:38 | Create | Villager (Male) ×5 |
| 20:19 | Age | Castle Age |
| 20:50 | Build | Town Center |
| 21:38 | Build | Town Center |
| 21:47 | Create | Villager (Male) |
| 21:47 | Create | Villager (Male) |
| 22:08 | Create | Villager (Male) ×5 |
| 22:42 | Build | Monastery |
| 23:01 | Create | Villager (Male) |
| 23:01 | Create | Villager (Male) |
| 23:07 | Research | Bow Saw |
| 23:20 | Create | Villager (Male) |
| 23:20 | Create | Villager (Male) |
| 23:44 | Build | House |
| 23:45 | Build | House |
| 23:46 | Build | House |
| 24:10 | Create | Villager (Male) |
| 24:12 | Create | Villager (Male) |
| 24:12 | Create | Villager (Male) |
| 24:21 | Create | Villager (Male) |
| 24:29 | Create | Monk |
| 24:55 | Build | Farm |
| 24:55 | Build | Farm |
| 24:56 | Build | Farm |
| 24:56 | Build | Farm |
| 24:56 | Build | Farm |
| 24:57 | Build | Farm |
| 25:01 | Create | Villager (Male) |
| 25:01 | Create | Villager (Male) |
| 25:17 | Build | Town Center |
| 25:45 | Create | Villager (Male) |
| 25:45 | Create | Villager (Male) |
| 25:57 | Create | Villager (Male) |
| 26:15 | Create | Eagle Scout |
| 26:16 | Create | Eagle Scout |
| 26:16 | Create | Eagle Scout |
| 26:20 | Create | Archer |
| 26:21 | Create | Archer |
| 26:45 | Create | Villager (Male) |
| 26:46 | Create | Villager (Male) |
| 27:00 | Create | Archer |
| 27:00 | Create | Archer |
| 27:17 | Create | Villager (Male) |
| 27:17 | Create | Villager (Male) |
| 27:51 | Create | Eagle Scout |
| 27:51 | Create | Eagle Scout |
| 27:59 | Research | Crossbowman (upgrade) |
| 28:18 | Build | Farm |
| 28:18 | Build | Farm |
| 28:19 | Build | Farm |
| 28:20 | Build | Farm |
| 28:20 | Build | Farm |
| 28:20 | Build | Farm |
| 28:20 | Build | Farm |
| 28:21 | Build | Farm |
| 28:21 | Build | Farm |
| 28:51 | Research | Stone Mining |
| 28:54 | Create | Villager (Male) |
| 28:55 | Create | Villager (Male) |
| 28:58 | Create | Villager (Male) |
| 29:08 | Build | Farm |
| 29:36 | Create | Archer |
| 29:36 | Create | Archer |
| 29:48 | Create | Villager (Male) |
| 29:49 | Create | Villager (Male) |
| 29:49 | Create | Villager (Male) |
| 29:53 | Create | Villager (Male) |
| 29:54 | Create | Villager (Male) |
| 29:54 | Create | Villager (Male) |
| 30:30 | Build | Castle |
| 30:42 | Create | Eagle Scout |
| 30:42 | Create | Eagle Scout |
| 30:58 | Build | Mining Camp |
| 31:02 | Create | Villager (Male) ×5 |
| 31:08 | Create | Villager (Male) ×3 |
| 31:19 | Build | Farm |
| 31:19 | Build | Farm |
| 31:20 | Build | Farm |
| 31:20 | Build | Farm |
| 31:20 | Build | Farm |
Build order — Twiggy551456
First 150 of 515 actions detected
| 0:07 | Build | House |
| 0:08 | Build | House |
| 0:10 | Build | House |
| 0:10 | Build | House |
| 0:11 | Create | Villager (Male) |
| 0:12 | Create | Villager (Male) |
| 0:12 | Create | Villager (Male) |
| 0:12 | Create | Villager (Male) |
| 0:12 | Create | Villager (Male) |
| 1:32 | Create | Villager (Male) |
| 1:32 | Create | Villager (Male) |
| 2:04 | Create | Villager (Male) |
| 2:24 | Create | Villager (Male) |
| 2:53 | Create | Villager (Male) |
| 2:53 | Create | Villager (Male) |
| 3:19 | Create | Villager (Male) |
| 3:19 | Create | Villager (Male) |
| 3:28 | Create | Villager (Male) |
| 3:49 | Create | Villager (Male) |
| 4:10 | Create | Villager (Male) |
| 5:33 | Create | Villager (Male) |
| 5:33 | Create | Villager (Male) |
| 6:25 | Build | Lumber Camp |
| 6:35 | Create | Villager (Male) |
| 6:35 | Create | Villager (Male) |
| 7:09 | Build | Mill |
| 7:31 | Create | Villager (Male) |
| 7:53 | Research | Feudal Age |
| 8:02 | Build | House |
| 8:03 | Build | House |
| 8:04 | Build | House |
| 8:05 | Build | House |
| 9:24 | Create | Villager (Male) |
| 9:24 | Create | Villager (Male) |
| 9:25 | Create | Villager (Male) |
| 10:10 | Build | Blacksmith |
| 10:18 | Build | Mining Camp |
| 10:26 | Build | Mining Camp |
| 10:35 | Build | Farm |
| 10:38 | Create | Villager (Male) |
| 10:38 | Create | Villager (Male) |
| 10:39 | Create | Villager (Male) |
| 11:00 | Build | Market |
| 11:08 | Build | Farm |
| 11:13 | Research | Horse Collar |
| 11:26 | Build | Farm |
| 11:59 | Research | Wheelbarrow |
| 12:14 | Build | Farm |
| 12:25 | Research | Double-Bit Axe |
| 12:47 | Create | Villager (Male) |
| 13:02 | Create | Villager (Male) |
| 13:09 | Create | Villager (Male) |
| 14:00 | Create | Villager (Male) |
| 14:00 | Create | Villager (Male) |
| 14:01 | Create | Villager (Male) |
| 14:02 | Create | Villager (Male) |
| 14:20 | Build | Farm |
| 14:21 | Build | Farm |
| 14:22 | Build | Farm |
| 14:24 | Build | Farm |
| 14:27 | Build | Farm |
| 14:28 | Build | Farm |
| 15:13 | Build | Dock |
| 15:34 | Build | Farm |
| 15:40 | Create | Villager (Male) |
| 15:58 | Build | Farm |
| 16:01 | Build | Farm |
| 16:03 | Create | Demolition Raft |
| 16:07 | Create | Fishing Ship |
| 16:25 | Build | Farm |
| 16:40 | Create | Fishing Ship |
| 17:27 | Research | Castle Age |
| 17:48 | Research | Stone Mining |
| 17:59 | Research | Gold Mining |
| 18:07 | Research | Loom |
| 18:53 | Research | Fletching |
| 20:28 | Research | Hand Cart |
| 20:42 | Build | Town Center |
| 20:49 | Build | Town Center |
| 20:51 | Research | Bow Saw |
| 20:54 | Research | Heavy Plow |
| 21:09 | Build | Town Center |
| 21:12 | Create | Villager (Male) |
| 21:12 | Create | Villager (Male) |
| 21:13 | Create | Villager (Male) |
| 21:18 | Create | Fishing Ship |
| 21:50 | Create | Villager (Male) |
| 21:50 | Create | Villager (Male) |
| 21:51 | Create | Villager (Male) |
| 21:52 | Create | Villager (Male) |
| 22:13 | Create | Villager (Male) |
| 22:13 | Create | Villager (Male) |
| 22:13 | Create | Villager (Male) |
| 22:14 | Create | Villager (Male) |
| 22:27 | Create | Villager (Male) |
| 22:27 | Create | Villager (Male) |
| 22:28 | Create | Villager (Male) |
| 22:30 | Create | Villager (Male) |
| 22:45 | Research | Gold Shaft Mining |
| 22:58 | Create | Villager (Male) |
| 22:59 | Create | Villager (Male) |
| 23:09 | Build | Farm |
| 23:16 | Create | Villager (Male) |
| 23:24 | Build | Farm |
| 23:25 | Build | Farm |
| 23:26 | Build | Farm |
| 23:28 | Build | Farm |
| 23:32 | Create | Villager (Male) |
| 23:32 | Create | Villager (Male) |
| 23:37 | Create | Villager (Male) |
| 23:41 | Create | Villager (Male) |
| 23:43 | Create | Villager (Male) |
| 23:50 | Build | Farm |
| 24:00 | Build | Farm |
| 24:02 | Build | Farm |
| 24:17 | Create | Villager (Male) |
| 24:19 | Create | Villager (Male) |
| 24:29 | Build | House |
| 24:30 | Build | House |
| 24:31 | Build | House |
| 24:32 | Build | House |
| 24:33 | Build | House |
| 24:34 | Build | House |
| 24:55 | Create | Villager (Male) |
| 24:56 | Create | Villager (Male) |
| 24:59 | Create | Villager (Male) |
| 24:59 | Create | Villager (Male) |
| 25:01 | Create | Villager (Male) |
| 25:01 | Create | Villager (Male) |
| 25:05 | Create | Villager (Male) |
| 25:05 | Create | Villager (Male) |
| 25:23 | Build | Castle |
| 25:45 | Create | Villager (Male) |
| 25:45 | Create | Villager (Male) |
| 25:46 | Create | Villager (Male) |
| 25:47 | Create | Villager (Male) |
| 26:33 | Build | Castle |
| 27:00 | Build | Barracks |
| 27:06 | Create | Villager (Male) |
| 27:07 | Create | Villager (Male) |
| 27:08 | Create | Villager (Male) |
| 27:08 | Create | Villager (Male) |
| 27:11 | Create | Villager (Male) |
| 27:11 | Create | Villager (Male) |
| 27:11 | Create | Villager (Male) |
| 27:11 | Create | Villager (Male) |
| 27:14 | Create | Villager (Male) |
| 27:15 | Create | Villager (Male) |
| 27:15 | Create | Villager (Male) |
| 27:15 | Create | Villager (Male) |
Build order — C2E7W
First 150 of 400 actions detected
| 0:03 | Build | House |
| 0:06 | Build | House |
| 0:09 | Create | Villager (Male) |
| 0:09 | Create | Villager (Male) |
| 0:46 | Build | Mill |
| 0:48 | Create | Villager (Male) |
| 1:33 | Create | Villager (Male) |
| 1:45 | Create | Villager (Male) |
| 2:24 | Create | Villager (Male) |
| 2:44 | Create | Villager (Male) |
| 3:19 | Create | Villager (Male) |
| 3:46 | Create | Villager (Male) |
| 3:47 | Create | Villager (Male) |
| 4:33 | Create | Villager (Male) |
| 4:57 | Build | House |
| 4:59 | Build | House |
| 5:01 | Build | House |
| 5:19 | Create | Villager (Male) |
| 5:21 | Research | Loom |
| 5:40 | Build | Lumber Camp |
| 5:45 | Create | Villager (Male) |
| 6:29 | Create | Villager (Male) |
| 6:48 | Create | Villager (Male) |
| 7:30 | Create | Villager (Male) |
| 7:46 | Build | Barracks |
| 7:53 | Create | Villager (Male) |
| 8:02 | Build | House |
| 8:32 | Research | Feudal Age |
| 9:19 | Create | Villager (Male) |
| 9:37 | Build | House |
| 10:42 | Age | Feudal Age |
| 10:48 | Create | Villager (Male) |
| 11:04 | Build | Lumber Camp |
| 11:16 | Create | Villager (Male) |
| 11:40 | Create | Villager (Male) |
| 11:54 | Research | Horse Collar |
| 12:02 | Research | Double-Bit Axe |
| 12:15 | Build | Mining Camp |
| 12:22 | Create | Villager (Male) |
| 12:23 | Create | Villager (Male) |
| 12:28 | Build | Farm |
| 12:52 | Build | Farm |
| 12:58 | Build | Farm |
| 13:05 | Build | Farm |
| 13:18 | Build | Farm |
| 13:23 | Build | Farm |
| 13:27 | Build | Farm |
| 13:31 | Build | Farm |
| 13:36 | Build | Farm |
| 13:43 | Build | Farm |
| 13:45 | Build | Farm |
| 13:46 | Create | Villager (Male) |
| 13:47 | Create | Villager (Male) |
| 13:50 | Research | Town Watch |
| 13:51 | Create | Villager (Male) |
| 14:00 | Build | Farm |
| 14:05 | Build | Farm |
| 14:09 | Create | Villager (Male) |
| 14:16 | Research | Gold Mining |
| 14:43 | Build | House |
| 15:03 | Create | Villager (Male) |
| 15:17 | Create | Villager (Male) |
| 15:53 | Build | Stable |
| 16:00 | Create | Villager (Male) |
| 16:18 | Create | Villager (Male) |
| 16:24 | Build | Farm |
| 16:49 | Research | Wheelbarrow |
| 17:02 | Build | Blacksmith |
| 17:32 | Build | Farm |
| 17:42 | Build | Stable |
| 18:01 | Build | Market |
| 18:10 | Research | Castle Age |
| 18:38 | Research | Bloodlines |
| 18:49 | Build | Mill |
| 19:16 | Build | Archery Range |
| 19:36 | Research | Arson |
| 19:40 | Research | Fletching |
| 20:19 | Research | Padded Archer Armor |
| 20:41 | Build | Farm |
| 20:47 | Create | Villager (Male) |
| 20:47 | Create | Villager (Male) |
| 20:48 | Create | Villager (Male) |
| 21:01 | Age | Castle Age |
| 21:02 | Create | Elephant Archer |
| 21:03 | Create | Elephant Archer |
| 21:04 | Create | Elephant Archer |
| 21:08 | Create | Villager (Male) |
| 21:37 | Build | Town Center |
| 21:52 | Research | Bodkin Arrow |
| 22:02 | Research | Thumb Ring |
| 22:08 | Create | Villager (Male) |
| 22:36 | Research | Forging |
| 22:43 | Research | Husbandry |
| 22:43 | Create | Shrivamsha Rider |
| 22:50 | Create | Villager (Male) |
| 23:12 | Research | Bow Saw |
| 23:20 | Build | House |
| 23:53 | Create | Villager (Male) |
| 23:53 | Create | Villager (Male) |
| 24:01 | Research | Stone Mining |
| 24:07 | Research | Scale Mail Armor |
| 24:21 | Build | Farm |
| 24:29 | Research | Heavy Plow |
| 24:33 | Create | Villager (Male) |
| 24:56 | Create | Villager (Male) |
| 24:56 | Create | Villager (Male) |
| 24:57 | Create | Villager (Male) |
| 25:25 | Research | Chain Mail Armor |
| 25:28 | Research | Scale Barding Armor |
| 26:11 | Build | Monastery |
| 26:17 | Create | Trade Cart |
| 26:18 | Create | Trade Cart |
| 26:20 | Create | Trade Cart |
| 26:27 | Research | Iron Casting |
| 26:33 | Create | Villager (Male) |
| 26:34 | Create | Villager (Male) |
| 26:35 | Create | Villager (Male) |
| 26:43 | Research | Hand Cart |
| 26:54 | Build | House |
| 26:55 | Build | House |
| 27:18 | Research | Caravan |
| 28:17 | Create | Monk |
| 28:22 | Create | Villager (Male) |
| 28:23 | Create | Villager (Male) |
| 28:25 | Create | Villager (Male) |
| 28:27 | Create | Villager (Male) |
| 28:36 | Research | Stone Shaft Mining |
| 29:09 | Build | University |
| 29:31 | Create | Villager (Male) |
| 29:32 | Create | Villager (Male) |
| 29:32 | Create | Villager (Male) |
| 29:34 | Create | Villager (Male) |
| 29:35 | Create | Villager (Male) |
| 29:35 | Create | Villager (Male) |
| 29:55 | Research | Chain Barding Armor |
| 30:01 | Build | Farm |
| 30:10 | Build | Farm |
| 30:21 | Research | Gold Shaft Mining |
| 30:47 | Build | House |
| 30:49 | Build | House |
| 30:52 | Build | House |
| 30:54 | Build | House |
| 31:21 | Build | Castle |
| 31:36 | Research | Imperial Age |
| 31:39 | Create | Villager (Male) |
| 32:42 | Research | Ballistics |
| 32:44 | Build | Farm |
| 32:52 | Research | Chain Mail Armor |
| 33:37 | Build | Farm |
| 33:48 | Build | Siege Workshop |
Build order — GorgonTheGreat
First 150 of 711 actions detected
| 0:01 | Create | Villager (Male) |
| 0:01 | Create | Villager (Male) |
| 0:01 | Create | Villager (Male) |
| 0:03 | Build | House |
| 0:04 | Build | House |
| 0:20 | Create | Villager (Male) |
| 1:20 | Research | Loom |
| 1:24 | Create | Villager (Male) |
| 1:24 | Create | Villager (Male) |
| 1:39 | Build | Building 800 |
| 1:41 | Create | Villager (Male) |
| 1:48 | Build | Building 800 |
| 1:51 | Build | Palisade Wall |
| 2:04 | Build | Palisade Wall |
| 2:18 | Create | Villager (Male) |
| 3:06 | Create | Villager (Male) |
| 3:32 | Create | Villager (Male) |
| 3:57 | Build | Lumber Camp |
| 4:04 | Create | Villager (Male) |
| 4:25 | Create | Villager (Male) |
| 4:59 | Create | Villager (Male) |
| 5:00 | Create | Villager (Male) |
| 5:04 | Build | House |
| 5:20 | Build | Palisade Wall |
| 5:50 | Create | Villager (Male) |
| 6:06 | Create | Villager (Male) |
| 6:52 | Build | Mill |
| 7:09 | Create | Villager (Male) |
| 7:57 | Create | Villager (Male) |
| 8:05 | Create | Villager (Male) |
| 8:43 | Build | House |
| 8:51 | Build | Farm |
| 8:53 | Create | Villager (Male) |
| 9:17 | Build | Farm |
| 9:33 | Build | Lumber Camp |
| 10:03 | Build | Mill |
| 10:08 | Create | Villager (Male) |
| 10:09 | Create | Villager (Male) |
| 10:50 | Create | Villager (Male) |
| 10:50 | Create | Villager (Male) |
| 10:56 | Build | House |
| 10:58 | Build | House |
| 11:29 | Create | Villager (Male) |
| 11:30 | Create | Villager (Male) |
| 12:13 | Build | Farm |
| 12:25 | Build | Mining Camp |
| 12:40 | Research | Feudal Age |
| 13:25 | Build | Farm |
| 13:26 | Build | Farm |
| 13:26 | Build | Farm |
| 13:27 | Build | Farm |
| 13:27 | Build | Farm |
| 13:28 | Build | Farm |
| 13:46 | Create | Villager (Male) |
| 13:46 | Create | Villager (Male) |
| 14:51 | Build | Market |
| 14:56 | Build | Blacksmith |
| 15:39 | Research | Castle Age |
| 15:43 | Research | Gold Mining |
| 15:46 | Research | Double-Bit Axe |
| 15:52 | Research | Horse Collar |
| 16:16 | Build | Building 665 |
| 16:21 | Build | Stone Wall |
| 16:23 | Build | Stone Wall |
| 16:37 | Build | Building 665 |
| 16:41 | Build | Stone Wall |
| 16:47 | Build | Stone Wall |
| 16:51 | Create | Villager (Male) |
| 16:51 | Create | Villager (Male) |
| 17:04 | Build | Mining Camp |
| 17:54 | Create | Villager (Male) |
| 18:33 | Build | Town Center |
| 18:35 | Create | Villager (Male) |
| 18:57 | Build | Town Center |
| 18:58 | Create | Villager (Male) |
| 19:04 | Build | Farm |
| 19:44 | Build | Farm |
| 20:28 | Create | Villager (Male) |
| 20:34 | Build | Farm |
| 20:37 | Build | Farm |
| 20:45 | Create | Villager (Male) |
| 21:06 | Build | Farm |
| 21:07 | Create | Villager (Male) |
| 21:38 | Build | Castle |
| 21:41 | Create | Villager (Male) |
| 21:51 | Create | Villager (Male) |
| 21:51 | Create | Villager (Male) |
| 21:51 | Create | Villager (Male) |
| 21:57 | Build | Farm |
| 22:01 | Build | Farm |
| 22:18 | Build | Farm |
| 22:19 | Create | Villager (Male) |
| 22:34 | Create | Villager (Male) |
| 22:49 | Build | Farm |
| 22:52 | Create | Villager (Male) |
| 23:08 | Create | Villager (Male) |
| 23:44 | Create | Genoese Crossbowman |
| 23:45 | Create | Genoese Crossbowman |
| 23:52 | Build | Barracks |
| 23:56 | Create | Villager (Male) |
| 23:57 | Create | Villager (Male) |
| 23:57 | Create | Villager (Male) |
| 24:08 | Build | House |
| 24:09 | Build | House |
| 24:10 | Build | House |
| 24:11 | Build | House |
| 24:12 | Build | House |
| 24:13 | Build | House |
| 24:14 | Build | House |
| 24:16 | Build | House |
| 24:17 | Build | House |
| 24:19 | Build | House |
| 24:19 | Build | House |
| 24:26 | Create | Genoese Crossbowman |
| 24:32 | Create | Genoese Crossbowman |
| 24:32 | Create | Genoese Crossbowman |
| 24:32 | Create | Genoese Crossbowman |
| 24:33 | Create | Genoese Crossbowman |
| 24:41 | Research | Fletching |
| 24:49 | Create | Villager (Male) |
| 24:50 | Create | Villager (Male) |
| 25:41 | Create | Genoese Crossbowman |
| 25:42 | Create | Genoese Crossbowman |
| 25:42 | Create | Genoese Crossbowman |
| 26:16 | Create | Genoese Crossbowman |
| 26:16 | Create | Genoese Crossbowman |
| 26:16 | Create | Genoese Crossbowman |
| 26:24 | Create | Villager (Male) |
| 26:24 | Create | Villager (Male) |
| 26:28 | Create | Genoese Crossbowman |
| 26:37 | Build | Archery Range |
| 26:46 | Build | Castle |
| 26:48 | Create | Villager (Male) |
| 26:48 | Create | Villager (Male) |
| 26:54 | Create | Villager (Male) |
| 26:54 | Create | Villager (Male) |
| 27:00 | Create | Villager (Male) |
| 27:00 | Create | Villager (Male) |
| 27:01 | Create | Villager (Male) |
| 27:06 | Build | Town Center |
| 27:28 | Research | Bodkin Arrow |
| 27:34 | Create | Villager (Male) |
| 27:34 | Create | Villager (Male) |
| 27:34 | Create | Villager (Male) |
| 28:02 | Build | Town Center |
| 28:03 | Create | Villager (Male) |
| 28:03 | Create | Villager (Male) |
| 28:03 | Create | Villager (Male) |
| 28:03 | Create | Villager (Male) |
| 28:11 | Build | Mining Camp |
Build order — elnano4cchi
First 150 of 572 actions detected
| 0:06 | Create | Villager (Male) |
| 0:08 | Research | Loom |
| 0:09 | Create | Villager (Male) |
| 0:09 | Create | Villager (Male) |
| 0:10 | Create | Villager (Male) |
| 0:10 | Create | Villager (Male) |
| 0:10 | Create | Villager (Male) |
| 0:16 | Build | House |
| 0:19 | Build | House |
| 1:53 | Build | Building 800 |
| 2:02 | Build | Palisade Wall |
| 2:04 | Build | Palisade Wall |
| 2:15 | Build | House |
| 2:31 | Create | Villager (Male) |
| 2:31 | Create | Villager (Male) |
| 2:32 | Create | Villager (Male) |
| 3:10 | Create | Villager (Male) |
| 3:10 | Create | Villager (Male) |
| 3:11 | Create | Villager (Male) |
| 3:30 | Build | Outpost |
| 3:44 | Create | Villager (Male) |
| 4:23 | Create | Villager (Male) |
| 4:23 | Create | Villager (Male) |
| 4:24 | Create | Villager (Male) |
| 4:24 | Create | Villager (Male) |
| 5:00 | Build | Lumber Camp |
| 5:15 | Create | Villager (Male) |
| 5:15 | Create | Villager (Male) |
| 5:42 | Create | Villager (Male) |
| 6:08 | Create | Villager (Male) |
| 6:08 | Create | Villager (Male) |
| 6:33 | Build | House |
| 6:46 | Create | Villager (Male) |
| 7:07 | Build | Mill |
| 7:12 | Create | Villager (Male) |
| 7:18 | Build | House |
| 7:44 | Create | Villager (Male) |
| 7:44 | Create | Villager (Male) |
| 8:17 | Create | Villager (Male) |
| 9:00 | Create | Villager (Male) |
| 9:08 | Build | Lumber Camp |
| 9:54 | Create | Villager (Male) |
| 10:02 | Create | Villager (Male) |
| 10:45 | Create | Villager (Male) |
| 10:57 | Build | House |
| 11:00 | Build | House |
| 11:32 | Create | Villager (Male) |
| 12:09 | Research | Feudal Age |
| 13:12 | Build | Mining Camp |
| 13:15 | Build | House |
| 14:01 | Build | Barracks |
| 14:22 | Create | Villager (Male) |
| 14:23 | Create | Villager (Male) |
| 15:04 | Build | Mill |
| 15:10 | Build | Mill |
| 15:17 | Build | Mill |
| 15:33 | Build | Watch Tower |
| 15:35 | Create | Militia |
| 15:35 | Create | Militia |
| 15:36 | Create | Militia |
| 15:39 | Create | Villager (Male) |
| 15:40 | Create | Villager (Male) |
| 16:14 | Research | Arson |
| 16:31 | Build | Blacksmith |
| 16:43 | Create | Villager (Male) |
| 16:43 | Create | Villager (Male) |
| 17:27 | Build | Market |
| 17:30 | Create | Villager (Male) |
| 17:32 | Create | Villager (Male) |
| 17:35 | Build | Farm |
| 17:36 | Build | Farm |
| 17:36 | Build | Farm |
| 17:36 | Build | Farm |
| 17:36 | Build | Farm |
| 17:37 | Build | Farm |
| 17:38 | Build | Farm |
| 17:38 | Build | Farm |
| 17:44 | Create | Villager (Male) |
| 18:40 | Build | Market |
| 19:06 | Create | Villager (Male) |
| 19:10 | Research | Forging |
| 19:16 | Research | Man-at-Arms (upgrade) |
| 19:21 | Research | Double-Bit Axe |
| 19:36 | Research | Castle Age |
| 19:44 | Build | Farm |
| 19:47 | Build | Farm |
| 20:14 | Research | Gold Mining |
| 20:42 | Research | Stone Mining |
| 21:34 | Build | Lumber Camp |
| 21:40 | Research | Horse Collar |
| 22:29 | Build | Lumber Camp |
| 22:35 | Create | Villager (Male) |
| 22:44 | Build | Mining Camp |
| 23:22 | Build | Siege Workshop |
| 23:32 | Build | University |
| 23:46 | Build | Farm |
| 23:47 | Create | Villager (Male) |
| 24:00 | Create | Villager (Male) |
| 24:09 | Build | House |
| 24:11 | Build | House |
| 24:18 | Build | House |
| 24:20 | Build | House |
| 24:23 | Build | House |
| 24:26 | Build | House |
| 24:44 | Create | Battering Ram |
| 24:49 | Create | Villager (Male) |
| 24:49 | Create | Villager (Male) |
| 25:01 | Research | Gold Shaft Mining |
| 25:03 | Research | Stone Shaft Mining |
| 25:12 | Research | Bow Saw |
| 25:22 | Build | Mining Camp |
| 25:23 | Create | Villager (Male) |
| 25:46 | Create | Villager (Male) |
| 25:50 | Build | Lumber Camp |
| 25:57 | Create | Villager (Male) |
| 26:09 | Create | Mangonel |
| 26:54 | Create | Villager (Male) |
| 27:17 | Create | Battering Ram |
| 27:42 | Create | Villager (Male) |
| 28:18 | Create | Mangonel |
| 28:21 | Create | Villager (Male) |
| 28:38 | Build | Building 665 |
| 28:44 | Create | Villager (Male) |
| 28:44 | Create | Villager (Male) |
| 29:11 | Build | Monastery |
| 29:18 | Build | Town Center |
| 29:22 | Create | Villager (Male) |
| 29:36 | Create | Scorpion |
| 29:36 | Create | Scorpion |
| 29:38 | Create | Villager (Male) |
| 29:39 | Create | Villager (Male) |
| 30:00 | Research | Heavy Plow |
| 30:34 | Build | House |
| 30:36 | Build | House |
| 30:39 | Build | House |
| 30:44 | Build | House |
| 30:50 | Build | House |
| 30:53 | Build | House |
| 30:56 | Build | House |
| 30:57 | Build | House |
| 31:02 | Create | Villager (Male) |
| 31:02 | Create | Villager (Male) |
| 31:09 | Build | Lumber Camp |
| 31:22 | Build | Mining Camp |
| 31:31 | Create | Villager (Male) |
| 31:31 | Create | Villager (Male) |
| 31:31 | Create | Villager (Male) |
| 31:38 | Create | Scorpion |
| 31:38 | Create | Scorpion |
| 32:29 | Create | Villager (Male) |
Build order — zj.sullivan
First 150 of 374 actions detected
| 0:04 | Research | Loom |
| 0:05 | Create | Villager (Male) ×4 |
| 0:19 | Build | Palisade Wall |
| 1:20 | Build | Palisade Wall |
| 1:34 | Build | House |
| 1:35 | Build | House |
| 1:37 | Build | House |
| 3:14 | Create | Villager (Male) |
| 3:37 | Create | Villager (Male) |
| 3:51 | Create | Villager (Male) |
| 4:26 | Create | Villager (Male) |
| 4:37 | Create | Villager (Male) |
| 5:11 | Create | Villager (Male) |
| 5:30 | Build | Lumber Camp |
| 5:34 | Create | Villager (Male) |
| 5:53 | Create | Villager (Male) |
| 6:32 | Create | Villager (Male) |
| 6:35 | Create | Villager (Male) |
| 7:10 | Build | Dock |
| 7:17 | Create | Villager (Male) |
| 7:18 | Create | Villager (Male) |
| 7:33 | Build | House |
| 7:34 | Build | House |
| 7:36 | Build | House |
| 8:39 | Create | Villager (Male) |
| 8:39 | Create | Villager (Male) |
| 8:43 | Create | Fishing Ship |
| 8:44 | Create | Fishing Ship |
| 9:26 | Build | Mill |
| 9:48 | Create | Villager (Male) |
| 9:48 | Create | Villager (Male) |
| 9:48 | Create | Villager (Male) |
| 10:46 | Build | Mining Camp |
| 12:05 | Build | Mill |
| 12:09 | Research | Feudal Age |
| 13:27 | Create | Villager (Male) |
| 13:38 | Create | Villager (Male) |
| 14:19 | Age | Feudal Age |
| 14:23 | Build | Market |
| 14:25 | Build | Market |
| 14:41 | Research | Horse Collar |
| 14:47 | Create | Villager (Male) ×5 |
| 14:53 | Build | House |
| 14:56 | Build | House |
| 14:58 | Build | House |
| 15:23 | Create | Fishing Ship |
| 15:43 | Build | Blacksmith |
| 16:16 | Build | Stone Wall |
| 16:52 | Build | Farm |
| 16:54 | Build | Farm |
| 16:55 | Build | Farm |
| 16:56 | Build | Farm |
| 16:58 | Build | Farm |
| 18:02 | Build | House |
| 18:05 | Build | House |
| 18:06 | Build | House |
| 18:20 | Build | Fish Trap |
| 18:31 | Build | Farm |
| 18:33 | Build | Farm |
| 18:51 | Build | Farm |
| 19:11 | Build | Watch Tower |
| 19:19 | Build | Farm |
| 19:23 | Research | Castle Age |
| 19:39 | Research | Fletching |
| 19:58 | Build | Farm |
| 20:12 | Build | House |
| 20:14 | Build | House |
| 20:29 | Research | Stone Mining |
| 20:43 | Create | Villager (Male) ×5 |
| 21:01 | Research | Double-Bit Axe |
| 21:10 | Create | Fishing Ship |
| 21:24 | Research | Tech 906 |
| 21:34 | Build | House |
| 21:58 | Build | Fish Trap |
| 22:03 | Age | Castle Age |
| 22:06 | Research | Caravan |
| 22:31 | Create | Villager (Male) |
| 22:32 | Create | Villager (Male) |
| 22:40 | Research | Bow Saw |
| 23:02 | Build | Lumber Camp |
| 23:09 | Create | Trade Cart |
| 23:20 | Create | Villager (Male) ×4 |
| 23:52 | Research | Stone Shaft Mining |
| 24:03 | Create | Trade Cart |
| 24:04 | Create | Trade Cart |
| 24:34 | Research | Bodkin Arrow |
| 24:50 | Build | Fish Trap |
| 24:54 | Build | Fish Trap |
| 24:57 | Create | Fishing Ship |
| 25:33 | Build | Stable |
| 25:43 | Build | Fish Trap |
| 26:10 | Build | Castle |
| 26:21 | Research | Gold Mining |
| 26:25 | Create | Villager (Male) ×5 |
| 26:36 | Research | Gillnets |
| 26:43 | Create | Trade Cart |
| 26:43 | Create | Trade Cart |
| 27:02 | Build | Farm |
| 27:15 | Research | Heavy Plow |
| 28:41 | Build | University |
| 28:51 | Create | Trade Cart ×5 |
| 29:07 | Create | Trade Cart |
| 29:17 | Create | Villager (Male) ×5 |
| 29:41 | Build | Farm |
| 30:07 | Build | Stable |
| 30:48 | Research | Imperial Age |
| 30:56 | Research | Fortified Wall (upgrade) |
| 31:24 | Create | Ballista Elephant |
| 31:42 | Build | Stable |
| 31:44 | Research | Bloodlines |
| 31:50 | Create | Ballista Elephant |
| 32:04 | Create | Knight |
| 32:12 | Create | Knight |
| 33:13 | Build | Castle |
| 33:25 | Research | Husbandry |
| 33:29 | Create | Knight ×4 |
| 33:41 | Create | Battle Elephant |
| 33:43 | Create | Battle Elephant |
| 34:08 | Age | Imperial Age |
| 34:20 | Research | Ballistics |
| 34:50 | Build | Mining Camp |
| 35:07 | Research | Cavalier (upgrade) |
| 35:21 | Research | Hoardings |
| 35:35 | Build | Farm |
| 35:52 | Build | Farm |
| 35:53 | Build | Farm |
| 35:55 | Build | Farm |
| 36:01 | Create | Knight |
| 36:01 | Create | Knight |
| 36:01 | Create | Knight |
| 36:34 | Create | Knight |
| 36:41 | Research | Bracer |
| 37:01 | Research | Scale Barding Armor |
| 37:06 | Create | Fishing Ship |
| 37:25 | Create | Ballista Elephant |
| 37:40 | Create | Villager (Male) |
| 37:41 | Create | Villager (Male) |
| 38:04 | Research | Chemistry |
| 38:22 | Build | Town Center |
| 38:29 | Build | Fish Trap |
| 38:33 | Create | Trade Cart |
| 38:47 | Research | Chain Barding Armor |
| 39:08 | Build | Monastery |
| 39:13 | Create | Trade Cart ×5 |
| 39:14 | Create | Trade Cart |
| 39:48 | Research | Conscription |
| 39:54 | Research | Masonry |
| 40:02 | Research | Murder Holes |
| 40:21 | Build | Farm |
| 40:23 | Build | Farm |
Match timeline
| 0:19 | zj.sullivan · wall_segment Palisade Wall x11 |
| 1:20 | zj.sullivan · wall_segment Palisade Wall x3 |
| 1:51 | GorgonTheGreat · wall_segment Palisade Wall x4 |
| 2:02 | elnano4cchi · wall_segment Palisade Wall x1 |
| 2:04 | GorgonTheGreat · wall_segment Palisade Wall x1 |
| 2:04 | elnano4cchi · wall_segment Palisade Wall x1 |
| 2:55 | MontyBurns · wall_segment Palisade Wall x7 |
| 4:31 | MontyBurns · wall_segment Palisade Wall x8 |
| 5:20 | GorgonTheGreat · wall_segment Palisade Wall x1 |
| 6:08 | MontyBurns · wall_segment Palisade Wall x2 |
| 7:10 | zj.sullivan · first_building Dock |
| 7:46 | C2E7W · first_building Barracks |
| 10:42 | C2E7W · age_up feudal |
| 14:01 | elnano4cchi · first_building Barracks |
| 14:19 | zj.sullivan · age_up feudal |
| 15:09 | MontyBurns · age_up feudal |
| 15:13 | Twiggy551456 · first_building Dock |
| 15:37 | GorgonTheGreat · first_market_sell 100 food |
| 15:53 | C2E7W · first_building Stable |
| 16:16 | zj.sullivan · wall_segment Stone Wall x9 |
| 16:21 | GorgonTheGreat · wall_segment Stone Wall x7 |
| 16:23 | GorgonTheGreat · wall_segment Stone Wall x4 |
| 16:28 | MontyBurns · first_building Barracks |
| 16:41 | GorgonTheGreat · wall_segment Stone Wall x5 |
| 16:47 | GorgonTheGreat · wall_segment Stone Wall x6 |
| 17:58 | MontyBurns · first_building Archery Range |
| 18:16 | GorgonTheGreat · first_market_buy 100 stone |
| 19:16 | C2E7W · first_building Archery Range |
| 19:19 | GorgonTheGreat · tribute_sent a jugador 1 |
| 19:19 | GorgonTheGreat · tribute_sent a jugador 2 |
| 19:19 | GorgonTheGreat · tribute_sent a jugador 3 |
| 19:19 | GorgonTheGreat · tribute_sent a jugador 5 |
| 19:19 | GorgonTheGreat · tribute_sent a jugador 6 |
| 20:19 | MontyBurns · age_up castle |
| 21:01 | C2E7W · age_up castle |
| 21:38 | GorgonTheGreat · first_building Castle |
| 22:03 | zj.sullivan · age_up castle |
| 22:42 | MontyBurns · first_building Monastery |
| 23:22 | elnano4cchi · first_building Siege Workshop |
| 23:52 | GorgonTheGreat · first_building Barracks |
| 25:23 | Twiggy551456 · first_building Castle |
| 25:33 | zj.sullivan · first_building Stable |
| 26:10 | zj.sullivan · first_building Castle |
| 26:11 | C2E7W · first_building Monastery |
| 26:37 | GorgonTheGreat · first_building Archery Range |
| 27:00 | Twiggy551456 · first_building Barracks |
| 27:56 | Twiggy551456 · first_building Archery Range |
| 28:29 | GorgonTheGreat · first_building Siege Workshop |
| 28:49 | Twiggy551456 · first_building Siege Workshop |
| 29:11 | elnano4cchi · first_building Monastery |
| 29:23 | Twiggy551456 · first_building Monastery |
| 30:30 | MontyBurns · first_building Castle |
| 30:36 | zj.sullivan · first_market_sell 100 food |
| 31:21 | C2E7W · first_building Castle |
| 33:48 | C2E7W · first_building Siege Workshop |
| 34:08 | zj.sullivan · age_up imperial |
| 35:05 | C2E7W · age_up imperial |
| 35:59 | GorgonTheGreat · first_building Stable |
| 36:06 | MontyBurns · first_building Siege Workshop |
| 37:32 | elnano4cchi · first_building Castle |
| 39:08 | zj.sullivan · first_building Monastery |
| 40:42 | MontyBurns · age_up imperial |
| 44:27 | Twiggy551456 · first_building Stable |
| 47:22 | Twiggy551456 · wall_segment Stone Wall x5 |
| 48:31 | GorgonTheGreat · wall_segment Stone Wall x10 |
| 48:33 | GorgonTheGreat · wall_segment Stone Wall x7 |
| 55:35 | elnano4cchi · first_market_sell 500 wood |
| 57:29 | zj.sullivan · first_building Siege Workshop |
| 58:05 | GorgonTheGreat · wall_segment Stone Wall x2 |
| 60:08 | elnano4cchi · first_market_buy 500 stone |
| 60:51 | C2E7W · first_market_sell 500 wood |
| 65:44 | Twiggy551456 · wall_segment Stone Wall x13 |
| 66:36 | GorgonTheGreat · wall_segment Stone Wall x6 |
| 66:38 | GorgonTheGreat · wall_segment Stone Wall x5 |
| 66:40 | GorgonTheGreat · wall_segment Stone Wall x3 |
| 66:42 | GorgonTheGreat · wall_segment Stone Wall x4 |
| 69:23 | GorgonTheGreat · wall_segment Stone Wall x11 |
| 70:32 | GorgonTheGreat · wall_segment Stone Wall x3 |
| 70:34 | GorgonTheGreat · wall_segment Stone Wall x5 |
| 71:56 | elnano4cchi · first_building Stable |
| 86:11 | GorgonTheGreat · wall_segment Stone Wall x11 |
| 86:14 | GorgonTheGreat · wall_segment Stone Wall x10 |
| 91:59 | C2E7W · first_market_buy 100 stone |
| 93:40 | zj.sullivan · resign |
[ AI ANALYSIS · 1 CREDIT ]
What really happened in this match?
Wolo.gg analyzes every decision: build order, eco, micro, common mistakes by bracket. Personalized analysis on WhatsApp or Discord in 30 seconds.
Civ guide
Aztecs
Map guide
Black Forest
Perfil
MontyBurns